AoeStats
← RiGhT

African Clearing

510829612Analyzed
4v4 RM · 17h ago on Oct 2, 2026· 73m 1s· 8 players
Game mode
Random Map
Map size
Large (8 player)
Population
200
Speed
Normal
Resources
Standard
Victory
Conquest
Starting age
Dark Age
Ending age
Imperial Age
RankedLock teamsTeams togetherTeam positionsShared explorationLock speedFull tech treeHidden civsTurbo modeCheats
Victory
Defeat
🇲🇽 Huns · Mexico
1250
+14
🇺🇸 Turks · United States
1196
+16
🇮🇳 Danes · India
1182
+17
🇦🇷 Vietnamese · Argentina
1164
+18
🇲🇦 Bohemians · Morocco
1234
-18
🇫🇷 Italians · France
1204
-16
🇫🇷 Franks · France
1193
-16
🇪🇸 Spanish · Spain
1174
-15
tretts
4:48 Loom
17:38 Feudal Age
21:35 Castle Age
19:40 Double-Bit Axe
19:41 Horse Collar
19:47 Fishing Lines
21:03 Fletching
21:14 Padded Archer Armor
29:11 Imperial Age
27:19 Gillnets
28:08 Bodkin Arrow
28:36 Ballistics
29:49 Leather Archer Armor
31:22 Wheelbarrow
30:43 Elite Skirmisher
32:26 Crossbowman
33:15 Thumb Ring
34:02 Conscription
35:14 Chemistry
34:10 Arbalester
35:49 Bracer
41:24 Pirotechnia
43:48 Ring Archer Armor
46:02 Gold Mining
53:03 Forging
52:53 Scale Mail Armor
52:40 Elite Genoese Crossbowman
55:45 Arson
58:59 Man-at-Arms
59:56 Light Cavalry
60:47 Bloodlines
60:37 Husbandry
64:00 Hussar
No-One-Knows-Me
14:08 Feudal Age
14:56 Loom
15:57 Double-Bit Axe
18:55 Castle Age
17:42 Horse Collar
18:57 Town Watch
20:22 Wheelbarrow
22:59 Bow Saw
30:47 Hand Cart
31:07 Fervor
31:18 Sanctity
36:05 Imperial Age
36:11 Wagenburg Tactics
36:39 Capped Ram
38:24 Two-Man Saw
37:52 Conscription
39:10 Elite Hussite Wagon
46:37 Padded Archer Armor
51:08 Chemistry
yosua
4:03 Loom
14:54 Feudal Age
18:58 Bloodlines
27:23 Castle Age
26:09 Double-Bit Axe
27:03 Horse Collar
54:00 Fletching
54:11 Padded Archer Armor
56:08 Bodkin Arrow
56:29 Leather Archer Armor
61:22 Imperial Age
59:30 Squires
58:52 Pikeman
61:32 Husbandry
64:35 Wheelbarrow
64:03 Heavy Plow
差不多先生
8:51 Loom
16:02 Feudal Age
16:54 Double-Bit Axe
19:53 Castle Age
19:22 Wheelbarrow
21:33 Scale Barding Armor
21:39 Forging
26:47 Husbandry
29:35 Hand Cart
31:28 Chain Barding Armor
33:27 Iron Casting
38:22 Imperial Age
37:53 Bow Saw
37:38 Gold Mining
37:55 Stone Mining
38:24 Cavalier
39:43 Plate Barding Armor
40:28 Blast Furnace
40:37 Gold Shaft Mining
42:47 Paladin
46:30 Conscription
63:02 Murder Holes
64:12 Fletching
gaurioles
8:33 Loom
14:20 Feudal Age
15:03 Double-Bit Axe
15:16 Gold Mining
19:17 Fletching
20:06 Padded Archer Armor
22:16 Wheelbarrow
25:56 Castle Age
24:29 Town Watch
25:43 Horse Collar
26:30 Gold Mining
26:01 Crossbowman
27:10 Bow Saw
27:18 Bodkin Arrow
29:34 Town Watch
34:21 Hand Cart
35:24 Thumb Ring
41:40 Redemption
45:56 Imperial Age
46:09 Heavy Plow
47:19 Bloodlines
47:10 Husbandry
47:56 Scale Barding Armor
48:18 Forging
52:11 Chain Barding Armor
53:13 Iron Casting
56:13 Plate Barding Armor
57:28 Blast Furnace
62:27 Ballistics
62:21 Masonry
62:59 Caravan
63:30 Coinage
64:01 Elite Janissary
65:02 Conscription
65:46 Artillery
68:16 Bombard Tower
67:40 Treadmill Crane
68:32 Architecture
victorH
7:55 Loom
14:11 Feudal Age
18:55 Castle Age
17:11 Double-Bit Axe
18:14 Fletching
20:34 Padded Archer Armor
22:28 Bodkin Arrow
28:44 Wheelbarrow
27:54 Horse Collar
29:26 Leather Archer Armor
31:18 Ballistics
35:24 Imperial Age
33:26 Thumb Ring
34:01 Heavy Plow
34:12 Bow Saw
37:03 Parthian Tactics
36:53 Heavy Cavalry Archer
38:22 Bracer
40:28 Chemistry
40:20 Scale Barding Armor
42:20 Chain Barding Armor
42:30 Elite Tarkan
48:12 Forging
50:07 Iron Casting
54:40 Hand Cart
57:35 Plate Barding Armor
60:02 Blast Furnace
RiGhT
13:29 Feudal Age
17:13 Castle Age
16:20 Double-Bit Axe
18:23 Bow Saw
19:10 Loom
20:17 Town Watch
22:06 Wheelbarrow
22:09 Gold Mining
25:50 Fishing Lines
27:38 Stone Mining
27:56 Gillnets
33:30 Imperial Age
32:27 Ballistics
32:19 Masonry
32:19 Careening
32:52 Scale Mail Armor
33:03 Forging
34:45 Chain Mail Armor
35:06 Iron Casting
35:06 Fletching
36:24 Chemistry
36:00 Horse Collar
36:41 Hand Cart
36:20 Arson
36:36 Squires
36:22 Gambesons
35:58 Elite Varangian Guard
37:15 Plate Mail Armor
37:46 Blast Furnace
37:16 Murder Holes
38:29 Bodkin Arrow
39:24 Gold Shaft Mining
41:08 Bracer
40:33 Capped Ram
41:13 Horse Collar
43:15 Siege Ram
52:07 Heavy Scorpion
59:08 Conscription
58:09 Hamask
58:13 Northmen's Fury
59:29 Hoardings
NotGG
8:00 Loom
10:54 Feudal Age
16:39 Castle Age
29:34 Double-Bit Axe
29:35 Horse Collar
30:33 Town Watch
32:41 Bow Saw
32:18 Fishing Lines
32:43 Heavy Plow
33:25 Wheelbarrow
34:22 Stone Mining
34:24 Gold Mining
38:06 Imperial Age
35:42 Murder Holes
35:52 Fletching
36:12 Forging
36:17 Squires
36:03 Arson
36:20 Scale Mail Armor
36:23 Padded Archer Armor
36:48 Masonry
37:47 Stone Shaft Mining
37:37 Chain Mail Armor
37:46 Bodkin Arrow
38:29 Iron Casting
40:05 Chemistry
38:29 Elite Fire Lancer
40:22 Bracer
40:53 Plate Mail Armor
43:12 Pikeman
44:50 Paper Money
45:05 Hoardings
44:31 Halberdier
46:30 Leather Archer Armor
46:44 Hand Cart
46:29 Town Patrol
47:52 Siege Engineers
48:38 Treadmill Crane
54:01 Elite Skirmisher
56:00 Thumb Ring
57:41 Imperial Skirmisher
Connection lost

Rejoining the realm…

Still unreachable

The connection could not be restored.

Session expired

The server has moved on; the page needs a fresh start.